Map: [ESL] Oceanborn

Players

Firefly

  • Race: Protoss Protoss
  • Spawn Location: 11:00

Coffee - Winner!

  • Race: Terran Terran
  • Spawn Location: 5:00

Event: ESL SC2 Masters 2023 Winter (Regional)

VOD

Have the link to the VOD?

Description

Time

  • Played on: Nov. 10, 2023, 6:40 a.m.
  • Length: 8:19

All games in this series

Show
View Real Time Build Order
Export as new Build Order

Firefly Protoss 

Build Orders: 1 Gate Expand, Phoenix Opening 

Get SALT Encoding   

  12  0:00  Probe  
  13  0:12  Probe  
  14  0:17  Pylon  
  14  0:24  Probe  
  15  0:35  Gateway  
  15  0:36  Probe (Chrono Boost)  
  16  0:48  Assimilator, Probe (Chrono Boost)  
  17  0:52  Probe (Chrono Boost)  
  18  1:03  Probe  
  19  1:15  Probe  
  20  1:22  Cybernetics Core  
  20  1:33  Nexus  
  20  1:41  Pylon  
  20  1:43  Probe  
  21  1:47  Assimilator  
  21  1:55  Probe  
  21  1:56  Adept (Chrono Boost)  
  21  1:59  Warp Gate  
  24  2:07  Probe (Chrono Boost)  
  25  2:15  Gateway  
  25  2:19  Probe (Chrono Boost)  
  26  2:24  Probe (Chrono Boost), Adept  
  29  2:35  Probe (Chrono Boost)  
  30  2:40  Stargate  
  30  2:45  Probe (Chrono Boost)  
  32  2:52  Probe (Chrono Boost)  
  32  2:54  Probe (Chrono Boost)  
  33  2:59  Probe x2 (Chrono Boost)  
  35  3:10  Probe, Pylon  
  35  3:11  Probe  
  37  3:23  Probe x2  
  39  3:29  Phoenix (Chrono Boost)  
  41  3:35  Probe x2  
  40  3:45  Nexus  
  40  3:47  Stalker, Probe  
  40  3:48  Probe  
  44  3:55  Phoenix (Chrono Boost)  
  43  3:59  Probe  
  43  4:00  Pylon, Probe  
  47  4:04  Twilight Council  
  47  4:10  Forge  
  47  4:12  Probe  
  47  4:13  Probe  
  47  4:17  Assimilator  
  49  4:22  Charge  
  49  4:24  Stalker x2  
  49  4:25  Probe  
  54  4:31  Probe  
  54  4:36  Protoss Ground Armor Level 1 (Chrono Boost)  
  54  4:37  Pylon  
  54  4:38  Shield Battery  
  55  4:48  Shield Battery  
  55  4:50  Probe x2  
  55  4:51  Stalker  
  59  4:59  Probe  
  60  5:02  Probe x2  
  60  5:04  Gateway  
  62  5:09  Gateway  
  62  5:11  Gateway  
  60  5:15  Stalker  
  60  5:17  Stalker  
  64  5:23  Gateway  
  62  5:41  Gateway  
  62  5:42  Zealot x2, Phoenix  
  66  5:43  Gateway  
  66  5:49  Shield Battery  
  66  5:50  Shield Battery  
  66  5:53  Pylon  
  66  6:02  Zealot x2  
  66  6:03  Zealot  
  68  6:04  Zealot  
  68  6:08  Zealot  
  71  6:25  Nexus  
  65  6:29  Zealot x5  
  59  6:36  Pylon  
  59  6:40  Zealot  
  59  6:41  Zealot  
  59  6:44  Zealot  
  55  6:51  Zealot x2  
  55  6:53  Zealot x3  
  61  7:02  Zealot x2  
  55  7:10  Zealot  
  55  7:11  Zealot x2  
  55  7:13  Zealot x2  
  55  7:15  Zealot  
  63  7:22  Templar Archives  
  63  7:25  Zealot  
  63  7:29  Zealot  
  67  7:32  Stalker  
  67  7:33  Zealot  
  67  7:36  Zealot  
  61  7:39  Zealot  
  61  7:42  Zealot  
  55  7:45  Zealot  
  55  7:50  Stalker  
  55  7:56  Zealot x3  
  55  8:01  Zealot  
  55  8:05  Zealot  
Show
View Real Time Build Order
Export as new Build Order

Coffee Terran - Winner!

Build Orders: Reaper Expand 

Get SALT Encoding   

  12  0:00  SCV  
  13  0:12  SCV  
  14  0:17  Supply Depot  
  14  0:24  SCV  
  15  0:39  SCV  
  15  0:40  Barracks  
  16  0:43  Refinery  
  16  0:51  SCV  
  17  1:03  SCV  
  18  1:15  SCV  
  19  1:27  Orbital Command, Reaper  
  20  1:40  Command Center  
  20  1:48  Supply Depot  
  20  1:53  SCV  
  21  1:59  Marine  
  22  2:05  SCV  
  23  2:09  Factory  
  23  2:15  Bunker  
  23  2:18  SCV  
  23  2:21  Barracks Reactor  
  24  2:31  SCV, Refinery  
  25  2:44  SCV  
  26  2:52  Orbital Command  
  26  2:53  Hellion  
  26  2:56  SCV  
  29  2:58  Starport  
  29  3:04  Marine x2  
  31  3:08  SCV  
  32  3:15  Factory Tech Lab  
  32  3:20  SCV  
  32  3:22  Marine x2  
  34  3:32  SCV  
  34  3:34  SCV  
  36  3:35  Medivac  
  36  3:39  Marine x2  
  36  3:40  Supply Depot  
  40  3:45  Siege Tank  
  40  3:46  SCV  
  44  3:55  SCV  
  44  3:57  Marine x2  
  44  4:01  SCV  
  47  4:07  Supply Depot  
  47  4:13  SCV  
  47  4:14  SCV  
  47  4:15  Marine x2  
  51  4:17  Siege Tank  
  51  4:18  Supply Depot  
  54  4:28  Viking  
  57  4:31  SCV x2  
  57  4:33  Supply Depot, Marine x2  
  60  4:40  Barracks  
  60  4:43  Supply Depot  
  60  4:45  SCV x2  
  62  4:49  Siege Tank  
  62  4:52  Engineering Bay  
  65  4:55  Marine x2  
  67  5:00  Viking  
  67  5:01  SCV  
  67  5:02  SCV  
  71  5:13  Marine x2, Refinery  
  71  5:15  SCV x2  
  73  5:24  Barracks  
  69  5:37  Marine x2  
  69  5:38  Siege Tank  
  69  5:41  Bunker x2  
  69  5:42  Barracks Tech Lab  
  73  5:46  SCV  
  73  5:49  Viking  
  75  5:53  SCV  
  75  5:55  Marine x2  
  78  6:00  SCV  
  78  6:03  Supply Depot  
  78  6:05  SCV  
  78  6:08  Terran Infantry Weapons Level 1  
  78  6:10  Marine  
  80  6:12  SCV  
  80  6:17  SCV  
  82  6:23  Marine  
  82  6:24  SCV  
  78  6:29  Marine x2  
  78  6:32  Combat Shield, Stimpack, Marine  
  78  6:34  SCV  
  78  6:36  SCV  
  78  6:37  Refinery  
  77  6:41  Marine  
  77  6:46  Command Center  
  77  6:47  Marine x2  
  76  6:50  Starport Reactor, Factory Reactor, Marine  
  80  6:54  SCV  
  80  6:59  Marine  
  81  7:04  Marine, SCV  
  81  7:05  Marine  
  81  7:06  SCV  
  81  7:07  Marine  
  86  7:15  Barracks x2  
  86  7:17  SCV, Marine  
  86  7:18  SCV  
  87  7:33  Marine x3  
  87  7:34  Widow Mine x2  
  87  7:35  Medivac  
  93  7:38  SCV x2  
  93  7:42  Supply Depot  
  93  7:43  Marine  
  85  7:44  Supply Depot x2  
  85  7:51  SCV, Marine  
  82  7:52  Marauder, SCV  
  82  7:53  Marauder  
  90  8:00  Marine  
Tags
 
Add a new tag
Caveats
  • Supply blocks, unpowered buildings, or Contaminate may cause inaccurate times.
  • Supply counts are checked every 10 seconds.